 Dungeon Crawl Stone Soup version 0.19-a0-1682-g5114f93 (webtiles) character file.

25 Gospel the Ruffian (level 3, -3/30 HPs)
             Began as a Ghoul Warper on Sept 24, 2016.
             Slain by an adder (4 damage)
             ... on level 3 of the Dungeon.
             The game lasted 00:03:48 (1142 turns).

Gospel the Ruffian (Ghoul Warper)                   Turns: 1142, Time: 00:03:48

Health: -3/30      AC:  4    Str: 12 (15) XL:     3   Next: 6%
Magic:  4/5        EV: 11    Int:  9 (11) God:
Gold:   44         SH:  0    Dex:  7 (8)  Spells: 3 memorised, 1 level left

rFire  . . .     SeeInvis .       - Unarmed
rCold  + . .     Gourm    .     a - +0 leather armour
rNeg   + + +     Faith    .     (no shield)
rPois  ∞         Spirit   .     (no helmet)
rElec  .         Dismiss  .     (no cloak)
rCorr  .         Reflect  .     (no gloves)
MR     .....     Harm     .     (no boots)
Stlth  +.........               (no amulet)
                                (no ring)
                                l - +3 ring of intelligence

@: very slightly contaminated, rotting
A: rotting body, claws 1, carnivore 3, cold resistance 1, negative energy
resistance 3, slow regeneration 1, torment resistance, unbreathing
a: no special abilities


You were on level 3 of the Dungeon.
You were not hungry.

You visited 1 branch of the dungeon, and saw 3 of its levels.

You collected 44 gold pieces.

Inventory:

Missiles
 e - 75 arrows
Armour
 a - a +0 leather armour (worn)
Jewellery
 l - a +3 ring of intelligence (left claw)
Scrolls
 h - 4 scrolls of identify
 k - 2 scrolls of remove curse
 m - a scroll of teleportation {unknown}
 o - a scroll of enchant weapon {unknown}
 q - 2 scrolls of fog {unknown}
Books
 b - a book of Spatial Translocations

   Spells                             Type                      Level
   a - Apportation                    Translocation                1
   b - Blink                          Translocation                2
   c - Shroud of Golubria             Charms/Translocation         2
   d - Portal Projectile              Translocation                3
   e - Teleport Other                 Translocation                3
   f - Passage of Golubria            Translocation                4
Comestibles
 f - a meat ration
 j - 3 chunks of flesh


   Skills:
 + Level 2.9 Fighting
 - Level 0.8 Throwing
 - Level 0.8 Armour
 - Level 1.7 Dodging
 + Level 3.0 Unarmed Combat
 - Level 2.0 Spellcasting
 - Level 2.6 Translocations


You had one spell level left.
You knew the following spells:

 Your Spells              Type           Power        Failure   Level  Hunger
a - Apportation           Tloc           #.........   17%         1    ##.....
b - Shroud of Golubria    Chrm/Tloc      #.........   41%         2    ###....
c - Blink                 Tloc           N/A          24%         2    ###....


Dungeon Overview and Level Annotations

Branches:
Dungeon (3/15)

Altars:

Annotations:
D:3 1 exclusion, koshka's ghost, amateur HuIE


Innate Abilities, Weirdness & Mutations

Your body is rotting away.
You thrive on raw meat.
You are immune to poison.
You have sharp fingernails.
You are carnivorous and can eat meat at any time.
Your flesh is cold resistant. (rC+)
You are immune to negative energy. (rN+++)
You regenerate slowly when monsters are visible.
You are immune to unholy pain and torment.
You can survive without breathing.


Message History

As you read the scroll labeled FEFEER IMEFRILEARR, it crumbles to dust.
It is a scroll of identify.
k - 2 scrolls of remove curse The adder bites you.
* * * LOW HITPOINT WARNING * * *
Blink to where?
Press: ? - help, Dir - move target cursor, p - bat You are very lightly contaminated with residual magic.
As you read the scroll of blinking, it crumbles to dust.
Koshka's ghost (amateur Human Ice Elementalist) comes into view.
Found 13 gold pieces.
Found a stone staircase leading down.
Koshka's ghost hits you.
* * * LOW HITPOINT WARNING * * *
Koshka's ghost hits you but does no damage.
Koshka's ghost whispers, "Everlasting silence awaits you..."
The adder misses you.
There is a stone staircase leading down here.
You can't go up here!
The bat hits you but does no damage. The adder bites you.
You die...

#.# #.# #.# #.. #.##
#.# #.####..
#..####.#.# #......
##......).# ##...K.
##..........###......
#.....S.#..#.#.#K##..
##..S..##..##........
##.Wb###..§SbS......
#.@S# ##.#####.###.
#...# #. #.# #...# ##
#.# #.... #.# #..###
#..# #..# #..#


You could see koshka's ghost, 3 adders and a bat.

Vanquished Creatures
  An ooze (D:1)
  A dart slug (D:1)
  A giant cockroach (D:1)
  2 goblins (D:1)
  3 hobgoblins (D:1)
  A quokka (D:3)
  2 bats
  5 frilled lizards
  3 kobolds (D:2)
  A rat (D:1)
20 creatures vanquished.

Notes
Turn   | Place    | Note
-------+----------+-------------------------------------------
     0 | D:1      | Gospel the Ghoul Warper began the quest for the Orb.
     0 | D:1      | Reached XP level 1. HP: 17/17 MP: 2/2
   210 | D:1      | Reached XP level 2. HP: 25/25 MP: 4/4
   214 | D:1      | Learned a level 2 spell: Shroud of Golubria
   217 | D:1      | Learned a level 2 spell: Blink
   929 | D:2      | Reached skill level 3 in Unarmed Combat
   929 | D:2      | Reached XP level 3. HP: 19/30 MP: 5/5
  1135 | D:3      | Noticed koshka's ghost (amateur HuIE)
  1137 | D:3      | HP: 1/30 [koshka's ghost (4)]
  1142 | D:3      | Slain by an adder

Vault maps used:
D:1:      mrwooster_arrival_statue
D:3:      gup_sewer_entry_bowl, nicolae_ru_path_of_blood

Skill      XL: |  1  2 |
---------------+-------+-----
Spellcasting   | 2 |  2.0
Unarmed Combat | 3 |  3.0
Fighting       | |  2.9
Throwing       | |  0.8
Armour         | |  0.8
Dodging        | |  1.7
Translocations | |  2.6

Action                   || total
-------------------------++-------
Melee: Unarmed           ||    76
Throw: Tomahawk          ||    10
 Cast: Blink             ||     3
  Use: Scroll            ||     3
       Potion            ||     2
  Eat: Chunk             ||     2
Armor: Leather armour    ||    35
Dodge: Dodged            ||    60
